 Seeded DCSS version 0.29-a0-822-ga620ab9 (webtiles) character file.

Game seed: 2605629384795920764 (custom seed)

13990 GeorgeSoros the Zephyrmancer (level 12, -3/77 HPs)
             Began as a Barachi Air Elementalist on May 5, 2021.
             Was an Elder of Hepliaklqana.
             Slain by a blink frog (7 damage)
             ... on level 2 of the Lair of Beasts on July 7, 2022.
             The game lasted 00:51:11 (15027 turns).

GeorgeSoros the Zephyrmancer (BaAE)                Turns: 15027, Time: 00:51:11

Health: -3/77      AC:  9    Str:  9    XL:     12   Next: 11%
Magic:  24/24      EV: 16    Int: 21    God:    Hepliaklqana [****..]
Gold:   542        SH:  0    Dex: 13    Spells: 3/15 levels left

rFire   . . .      SeeInvis .   b - staff of air
rCold   . . .      Faith    .   (no shield)
rNeg    . . .      Spirit   .   A - +0 steam dragon scales
rPois   .          Reflect  .   (no helmet)
rElec   +          Harm     .   (no cloak)
rCorr   .          Rampage  .   g - +2 pair of gloves
Will    .....                   (no boots)
Stlth   ++........              (no amulet)
HPRegen 0.22/turn               j - +4 ring of evasion
MPRegen 0.19/turn               h - ring of magical power

@: slow
A: reduced essence, amphibious, slowness 1, strong legs 1, +LOS
a: Hop, Renounce Religion, Recall Ancestor, Ancestor Identity, Transference,
Idealise


You were on level 2 of the Lair of Beasts.
You worshipped Hepliaklqana.
Hepliaklqana was greatly pleased with you.
You visited 3 branches of the dungeon, and saw 13 of its levels.

You collected 542 gold pieces.

Inventory:

Hand Weapons
 a - a +2 quick blade
 l - a +4 scimitar of flaming
 m - a +0 hand axe of holy wrath
 n - the +1 whip of the Lesser Evil {pain, Dex+4}
   (You found it on level 4 of the Dungeon)

   In the hands of one skilled in necromantic magic, it inflicts extra damage on
   living creatures.
   Dex:       It affects your dexterity (+4).
 D - a +6 spear of freezing
Missiles
 t - 10 curare-tipped darts
 y - 3 throwing nets
Armour
 g - a +2 pair of gloves (worn)
 u - a +1 ring mail of positive energy
 A - +0 steam dragon scales (worn)
Magical Staves
 b - a staff of air (weapon)
Jewellery
 h - a ring of magical power (right hand)
 j - a +4 ring of evasion (left hand)
 p - a ring of magical power
 v - a ring of protection from fire
Wands
 o - a wand of charming (8)
 w - a wand of acid (3)
 x - a wand of flame (24)
 F - a wand of iceblast (9)
Scrolls
 r - a scroll of fear
 s - 3 scrolls of teleportation
 z - a scroll of amnesia
 B - 2 scrolls of identify
 C - a scroll of immolation
 G - a scroll of blinking
Potions
 c - 3 potions of lignification
 d - 2 potions of flight
 e - 4 potions of haste
 f - 2 potions of curing
 i - 2 potions of attraction
 k - 3 potions of resistance
 q - 4 potions of might
 E - a potion of heal wounds


   Skills:
 - Level 5.0 Fighting
 - Level 8.0 Short Blades
 - Level 4.0 Armour
 - Level 2.1 Dodging
 - Level 1.7 Stealth
 - Level 2.1 Spellcasting
 + Level 12.1 Conjurations
 - Level 1.0 Necromancy
 + Level 12.4 Air Magic
 + Level 2.9 Invocations
 - Level 6.0 Evocations


You had 3 spell levels left.
You knew the following spells:

 Your Spells              Type           Power      Damage    Failure   Level
a - Shock                 Conj/Air       100%       1d9       1%          1
b - Static Discharge      Conj/Air       69%        3-12/arc  1%          2
c - Airstrike             Air            34%        0-11+     1%          4
d - Lightning Bolt        Conj/Air       34%        1d52      2%          5

Your spell library contained the following spells:

 Spells                   Type           Power      Damage    Failure   Level
 Poisonous Vapours        Pois/Air       84%        N/A       1%          2
 Mephitic Cloud           Conj/Pois/Air  53%        N/A       1%          3
 Swiftness                Air            69%        N/A       1%          3
 Dazzling Flash           Conj/Hex       54%        N/A       3%          3
 Stone Arrow              Conj/Erth      54%        3d10      3%          3
 Corona                   Hex            2%         N/A       14%         1
 Sandblast                Erth           4%         2d4       14%         1
 Sting                    Tmut/Pois      8%         1d3       14%         1
 Ensorcelled Hibernation  Hex/Ice        4%         N/A       22%         2
 Passwall                 Tmut/Erth      1%         N/A       22%         2
 Confusing Touch          Hex            2%         N/A       41%         3
 Ignite Poison            Fire/Tmut/Pois 2%         N/A       41%         3
 Tukima's Dance           Hex            2%         N/A       41%         3
 Olgreb's Toxic Radiance  Pois           2%         N/A       82%         4
 Petrify                  Tmut/Erth      2%         N/A       82%         4
 Lee's Rapid Deconstruct  Erth           1%         3d5*      99%         5


Dungeon Overview and Level Annotations

Branches:
Dungeon (10/15)            Temple (1/1) D:5            Lair (1/6) D:10
    Orc: D:9-12

Altars:
Ashenzari
Cheibriados
Dithmenos
Elyvilon
Fedhas
Hepliaklqana
Kikubaaqudgha
Makhleb
Qazlal
Ru
Sif Muna
Trog
Uskayaw
Vehumet
Wu Jian
Xom
Yredelemnul

Shops:
D:1 !

Annotations:
D:10 1 runed translucent door, Grijm's ghost, journeyman OgEE


Innate Abilities, Weirdness & Mutations

Your life essence is reduced to manifest your ancestor. (-10% HP)
You are amphibious.
You cover ground slowly.
You can hop short distances.
You have an extended range of vision and can be seen from far away.


Message History

The blink frog closely misses you. The blink frog completely misses you.
The blink frog blinks!
The blink frog blinks!
Inhapi blocks the blink frog's attack.
The blink frog closely misses you.
Inhapi misses the blink frog.
The blink frog blinks!
The blink frog barely misses Inhapi.
The blink frog blinks!
Inhapi hits the blink frog with a +0 flail!
Inhapi blocks the blink frog's attack.
The blink frog hits you.
Inhapi blocks the blink frog's attack.
Inhapi misses the blink frog.
The blink frog closely misses you.
The blink frog blinks!
The blink frog hits you!
Inhapi barely misses the blink frog.
The blink frog hits you.
The blink frog blinks!
The blink frog hits you but does no damage.
The blink frog closely misses you. The blink frog hits you!
* * * LOW HITPOINT WARNING * * *
The blink frog blinks!
The blink frog misses you. The blink frog barely misses you.
Inhapi hits the blink frog with a +0 flail!
The blink frog dies!
The blink frog completely misses you. x2
The blink frog hits you but does no damage.
The blink frog hits you.
* * * LOW HITPOINT WARNING * * *
The blink frog blinks!
The blink frog barely misses you. x2
The blink frog hits you but does no damage.
The blink frog closely misses you.
Inhapi blocks the blink frog's attack.
The blink frog hits you but does no damage.
Inhapi hits the blink frog with a +0 flail.
The blink frog closely misses you. The blink frog completely misses you.
The blink frog hits you but does no damage.
The blink frog closely misses you.
Inhapi hits the blink frog with a +0 flail!
The blink frog barely misses you. The blink frog hits you!
* * * LOW HITPOINT WARNING * * *
The blink frog hits you.
* * * LOW HITPOINT WARNING * * *
The blink frog blinks!
The blink frog hits you!
You die...

#...... #.....# #.....##
##.<....# P######P...F.#
.............## #
..............#P# .>.8#
.......FFF.......
....#..........§@R.......
.8.##.....#.##...........
#..#......## ###.P..#.###
...##.##...# #...P##
.?#.......## #..###
........#.P#####.#
.................## ### .##
..#..#............###.###....+
..................÷÷.÷.......#


You could see the friendly Inhapi the knight and 4 blink frogs.

Vanquished Creatures
  A black mamba (Lair:1)
  Psyche (D:8)
  2 cane toads
  2 kobold demonologists (D:10)
  2 komodo dragons
  A hornet (D:8)
  Prince Ribbit (D:5)
  Grinder (D:5)
  Sigmund (D:3)
  A shadow (D:9)
  4 wyverns
  9 yaks
  Eustachio (D:5)
  A steam dragon (D:7)
  A water moccasin (D:6)
  Duvessa (D:6)
  3 black bears
  2 ice beasts
  A sky beast (D:6)
  3 ogres
  A necrophage (D:7)
  3 centaurs
  A phantom (D:4)
  2 kobold brigands
  3 bullfrogs
  Dowan (D:6)
  A water moccasin skeleton (D:6)
  5 killer bees (D:10)
  4 wights
  A howler monkey (D:10)
  A bullfrog zombie (D:5)
  A hound (D:6)
  8 orc priests
  2 iguanas
  3 orc wizards
  2 scorpion zombies (D:5)
  A hound skeleton (D:3)
  11 gnolls
  6 adders
  A shadow imp (D:5)
  A white imp (D:6)
  2 adder skeletons
  2 worms
  A dart slug (D:3)
  29 orcs
  12 ball pythons
  10 endoplasms
  2 giant cockroaches
  5 hobgoblins
  7 jackals
  32 kobolds
  A quokka (D:1)
  6 bats
  3 frilled lizards
  13 goblins
  7 rats
230 creatures vanquished.

Vanquished Creatures (collateral kills)
  Harold (D:7)
  Erica (D:9)
  2 cane toads (Lair:2)
  A komodo dragon (Lair:1)
  A kobold demonologist (D:10)
  A blink frog (Lair:2)
  A shadow (D:8)
  2 wyverns
  7 yaks
  A water moccasin (Lair:1)
  A centaur (D:10)
  A kobold brigand (D:10)
  2 gnoll sergeants
  2 bullfrogs
  A scorpion (D:6)
  4 wights
  3 howler monkeys
  3 centaur zombies
  A gnoll bouda (D:7)
  An orc wizard (D:8)
  5 gnolls
  2 orcs (D:8)
  A kobold (D:10)
45 creatures vanquished.

Vanquished Creatures (others)
  12 fungi
  31 plants
  2 withered plants (D:10)
45 creatures vanquished.

Grand Total: 320 creatures vanquished

Notes
Turn   | Place    | Note
-------+----------+-------------------------------------------
     0 | D:1      | GeorgeSoros the Barachi Air Elementalist began the quest
                  | for the Orb.
     0 | D:1      | Reached XP level 1. HP: 13/13 MP: 3/3
   280 | D:1      | Reached XP level 2. HP: 4/19 MP: 0/5
   283 | D:1      | Learned a level 2 spell: Static Discharge
   684 | D:1      | Found Juggugetz's Distillery.
  1238 | D:1      | Reached XP level 3. HP: 7/24 MP: 2/6
  1522 | D:2      | Found a stormy altar of Qazlal.
  1536 | D:2      | Found a faded altar of an unknown god.
  2319 | D:2      | Identified a scroll of acquirement
  2319 | D:2      | Acquired a +2 quick blade
  2541 | D:3      | Reached XP level 4. HP: 30/30 MP: 3/7
  2886 | D:3      | Reached skill level 1 in Short Blades
  3209 | D:3      | Noticed Sigmund
  3374 | D:3      | Killed Sigmund
  3375 | D:3      | Reached skill level 5 in Air Magic
  3375 | D:3      | Reached XP level 5. HP: 38/38 MP: 8/8
  3375 | D:3      | Reached XP level 6. HP: 44/44 MP: 9/9
  3943 | D:3      | Learned a level 4 spell: Airstrike
  4049 | D:4      | Noticed a black bear
  4243 | D:4      | Killed a black bear
  4244 | D:4      | Reached XP level 7. HP: 49/51 MP: 10/10
  4436 | D:4      | Found a snail-covered altar of Cheibriados.
  4702 | D:4      | Reached skill level 1 in Armour
  4702 | D:4      | Reached skill level 5 in Conjurations
  4878 | D:4      | Identified the +1 whip of the Lesser Evil {pain, Dex+4}
  5104 | D:4      | Reached XP level 8. HP: 58/58 MP: 11/11
  5529 | D:5      | Entered Level 5 of the Dungeon
  5733 | D:5      | Found a staircase to the Ecumenical Temple.
  5743 | Temple   | Entered the Ecumenical Temple
  5897 | Temple   | Became a worshipper of Hepliaklqana the Forgotten
  5983 | D:5      | Found a basalt altar of Yredelemnul.
  6227 | D:5      | Noticed Grinder
  6244 | D:5      | Killed Grinder
  6245 | D:5      | Reached skill level 5 in Short Blades
  6813 | D:5      | Noticed Eustachio
  6827 | D:5      | Killed Eustachio
  7141 | D:5      | Reached XP level 9. HP: 63/63 MP: 12/12
  7187 | D:5      | Noticed Prince Ribbit
  7193 | D:5      | Killed Prince Ribbit
  7824 | D:6      | Reached * piety under Hepliaklqana
  8263 | D:6      | Noticed Duvessa
  8263 | D:6      | Noticed Dowan
  8271 | D:6      | Killed Duvessa
  8286 | D:6      | Killed Dowan
  8657 | D:6      | Reached skill level 1 in Evocations
  9130 | D:6      | Learned a level 5 spell: Lightning Bolt
  9428 | D:7      | Reached ** piety under Hepliaklqana
  9430 | D:7      | Remembered your ancestor Inhapi as a knight
  9529 | D:7      | Reached XP level 10. HP: 63/63 MP: 13/13
  9835 | D:7      | Noticed Harold
  9842 | D:7      | Killed Harold
 10306 | D:8      | Reached skill level 1 in Necromancy
 10712 | D:8      | Reached skill level 5 in Evocations
 10809 | D:8      | Noticed Psyche
 10817 | D:8      | Killed Psyche
 11394 | D:9      | Reached skill level 10 in Air Magic
 11591 | D:9      | Reached XP level 11. HP: 64/70 MP: 14/14
 11703 | D:9      | Reached *** piety under Hepliaklqana
 11832 | D:9      | Reached skill level 5 in Fighting
 11868 | D:9      | Noticed Erica
 11875 | D:9      | Killed Erica
 11876 | D:9      | Reached skill level 10 in Conjurations
 12262 | D:10     | Entered Level 10 of the Dungeon
 12569 | D:10     | Found a runed translucent door.
 12569 | D:10     | Noticed Grijm's ghost (journeyman OgEE)
 12674 | D:10     | Found a staircase to the Lair.
 13120 | D:10     | Noticed a sun demon
 14031 | Lair:1   | Entered Level 1 of the Lair of Beasts
 14248 | Lair:1   | Reached **** piety under Hepliaklqana
 14411 | Lair:1   | Reached skill level 1 in Invocations
 14643 | Lair:1   | You fall into a shaft and drop 1 floor!
 14658 | Lair:2   | Noticed a death yak
 14743 | Lair:2   | Reached XP level 12. HP: 77/77 MP: 8/15
 15003 | Lair:2   | Upgraded the game from 0.27-a0-1136-g0b992a5 to
                  | 0.27-a0-1147-gb3d8e82
 15003 | Lair:2   | Upgraded the game from 0.27-a0-1147-gb3d8e82 to
                  | 0.29-a0-822-ga620ab9
 15027 | Lair:2   | Slain by a blink frog

Illustrated notes

Levels and vault maps discovered:
D:1:      dpeg_arrival_shrine, layout_basic, serial_shops, shop,
          due_unseen_surprise
D:2:      layout_loops_cross, chequers_ecumenical_altar_simple, basic_altar
D:3:      kennysheep_six_static_rooms, layout_basic, uniq_sigmund
D:4:      minmay_chambers_of_twos, layout_basic, cheibriados_altar_1
D:5:      kennysheep_kobold_camp, layout_basic, lemuel_zombie_altar_yredelemnul,
          minmay_temple_entry_mist, uniq_grinder, uniq_eustachio,
          uniq_prince_ribbit1
D:6:      layout_gridville, uniq_duvessa
D:7:      layout_cave_pools, uniq_harold
D:8:      layout_loops_cross, uniq_psyche
D:9:      layout_irregular_city, nicolae_overflow_hidden_temple, uniq_erica
D:10:     layout_basic, david_lair_shrubbed, gammafunk_ghost_grave
Temple:   regret_index_temple_waves
Lair:1:   layout_chaotic_city, chequers_serial_rivers_micro_c, st_stairs_13
Lair:2:   layout_chaotic_city, minmay_shoals_entry_hut,
          chequers_serial_rivers_room_b, grunt_forest_small_clearings,
          minmay_lair_oklob_items, grunt_megastairs_3

Skill      XL: |  1  2  3  4  5  6  7  8  9 10 11 12 |
---------------+-------------------------------------+-----
Conjurations   | 2 4 5 6 8 9 11 12 | 12.1
Air Magic      | 4 5 6 7 8 10 12 | 12.4
Short Blades   | 2 3 4 5 7 8 |  8.0
Fighting       | 2 3 4 5 |  5.0
Armour         | 1 4 |  4.0
Evocations     | 3 5 6 |  6.0
Necromancy     | 1 |  1.0
Invocations    | 2 |  2.9
Dodging        | |  2.1
Stealth        | |  1.7
Spellcasting   | |  2.1

Action                   |  1- 3 |  4- 6 |  7- 9 | 10-12 || total
-------------------------+-------+-------+-------+-------++-------
Melee: Unarmed           |    18 |    10 |       |       ||    28
       Hand axe          |     5 |       |       |       ||     5
       Quick blade       |       |    19 |    38 |     2 ||    59
       Staff             |       |       |     1 |     1 ||     2
       Spear             |       |       |       |     1 ||     1
Throw: Dart              |       |       |     2 |       ||     2
 Cast: Shock             |    84 |    82 |   264 |   248 ||   678
       Static Discharge  |       |       |    22 |     9 ||    31
       Airstrike         |       |       |     3 |    18 ||    21
       Lightning Bolt    |       |       |       |    16 ||    16
Invok: Ancestor Life: Kn |       |       |     1 |       ||     1
       Recall Ancestor   |       |       |       |     1 ||     1
  Use: Scroll            |     7 |     3 |     8 |     2 ||    20
       Potion            |       |     3 |       |       ||     3
 Stab: Confused          |       |     1 |       |       ||     1
Armor: Robe              |     5 |     3 |       |       ||     8
       Skin              |       |     8 |       |       ||     8
       Leather armour    |       |       |     9 |       ||     9
       Steam dragon scal |       |       |       |    23 ||    23
Dodge: Dodged            |    28 |    22 |    44 |    72 ||   166

Table legend: (Time is in decaauts)
 A = Elapsed time spent in this place.
 B = Non-inter-level travel time spent in this place.
 C = Inter-level travel time spent in this place.
 D = Time resting spent in this place.
 E = Time spent auto-exploring this place.
 F = Levels seen in this place.
 G = Mean time per level.
                   A        B        C        D        E       F      G
               +--------+--------+--------+--------+--------+-----+--------+
         Total |  16522 |  15577 |    945 |   1250 |  12226 |  13 | 1270.9 |
       Dungeon |  15267 |  14329 |    938 |    967 |  11512 |  10 | 1526.7 |
        Temple |    193 |    186 |      7 |      0 |    136 |   1 |  193.0 |
          Lair |   1061 |   1061 |      0 |    283 |    577 |   2 |  530.5 |
               +--------+--------+--------+--------+--------+-----+--------+

Top non-repeatable levels by time:
     D:5: 1990 daAuts
    D:10: 1806 daAuts
     D:3: 1792 daAuts
     D:6: 1786 daAuts
     D:4: 1622 daAuts
     D:1: 1602 daAuts
     D:9: 1277 daAuts
     D:8: 1160 daAuts
     D:2: 1118 daAuts
     D:7: 1111 daAuts
  Lair:1: 663 daAuts
  Lair:2: 397 daAuts
  Temple: 193 daAuts
